Cogmind - Beta 17.1 @@@ ROGUE MODE // 2026.09.11 @ 19:04:01 Player: CavedCold Result: Destroyed by G-47 Trooper with Particle Gun Performance ------------- Evolutions (0) 0 Regions Visited (1) 200 Robots Destroyed (4) 20 Value Destroyed (100) 100 Prototype IDs (0) 0 Alien Tech Used (0) 0 Bonus (-9) -9 TOTAL SCORE: 311 Bonus ------- Friendly Fire -9 Cogmind --------- Core Integrity 0/250 Matter 244/300 Energy 88/250 System Corruption 1% Temperature Cool (9) Movement Core (150) Ox2 Location -10/Materials Parts ------- > --- POWER (1) -------- Ion Engine > --- PROPULSION (2) --- (None) > --- UTILITY (2) ------ Heat Sink Signal Interpreter > --- WEAPON (2) ------- Light Assault Rifle > --- INVENTORY (5) ---- (None) Peak State ------------ > --- POWER ------------ Ion Engine > --- PROPULSION ------- Wheel Wheel > --- UTILITY ---------- Heat Sink Signal Interpreter > --- WEAPON ----------- Assault Rifle Light Assault Rifle > --- INVENTORY -------- Grenade Launcher [Rating: 7] Favorites ----------- Power Ion Engine Engine Ion Engine Propulsion Wheel Wheel Wheel Utility Signal Interpreter Device Heat Sink Processor Signal Interpreter Weapon Light Assault Rifle Ballistic Gun Light Assault Rifle Launcher Grenade Launcher Build | -11 -10 ------- Run | Yrd Mat Slots Evolved . | . . Power . | . . Propulsion . | . . Utility . | . . Weapon . | . . Parts Attached 9 | 5 4 Power 2 | 1 1 Engine 2 | 1 1 Core . | . . Reactor . | . . Propulsion 2 | 2 . Treads . | . . Leg . | . . Wheel 2 | 2 . Hover . | . . Flight . | . . Utility 2 | . 2 Device 1 | . 1 Storage . | . . Processor 1 | . 1 Hackware . | . . Protection . | . . Artifact . | . . Weapon 3 | 2 1 Energy Gun . | . . Energy Cannon . | . . Ballistic Gun 2 | 2 . Ballistic Cannon . | . . Launcher 1 | . 1 Special Weapon . | . . Impact Weapon . | . . Slashing Weapon . | . . Piercing Weapon . | . . Special Melee Weapon . | . . Unidentified Prototypes . | . . Parts Lost 5 | . 5 Power 1 | . 1 Propulsion 2 | . 2 Utility . | . . Weapon 2 | . 2 Highest Loss Streak 5 | . 5 To Critical Strikes . | . . Average Backups . | . . Power . | . . Propulsion . | . . Utility . | . . Weapon . | . . Tool/Special . | . . Unused Backups . | . . Power . | . . Propulsion . | . . Utility . | . . Weapon . | . . Tool/Special . | . . Average Slot Usage (%) 84 | . 84 Engine 13 | . 13 Wheel 26 | . 26 Device 3 | . 3 Processor 12 | . 12 Ballistic Gun 26 | . 26 Peak Build Rating 7 | 5 7 Average Rating 5 | 3 6 On Entrance 2 | . 5 Avg Prop Armor Cover (%) . | . . Naked Turns . | . . Heaviest Build 11 | 8 11 Greatest Support 20 | 20 20 Greatest Overweight (x) . | . . Average Overweight (x) . | . . Largest Inventory Capacity 5 | 5 5 Average Capacity 5 | 5 5 Most Carried 3 | 3 2 Average Carried . | . . Final Capacity 5 | 5 5 Final Carried . | . . Class Distribution -------------------- 100% | Mutant Dominant Class ---------------- Mutant | -10/Materials Resources | -11 -10 ----------- Run | Yrd Mat Matter Collected 320 | 231 89 Remotely . | . . Salvage Created 87 | . 87 Parts 2 | . 2 Haulers Intercepted . | . . Recyclers Shooed . | . . Parts Field Recycled . | . . Retrieved Matter . | . . Parts Self-Destructed . | . . Prevented . | . . Parts Restored . | . . Kills | -11 -10 ------- Run | Yrd Mat Combat Hostiles Destroyed 3 | . 3 Guns 3 | . 3 Classes Destroyed 3 | . 3 Watcher 1 | . 1 Swarmer 2 | . 2 Grunt 1 | . 1 Best Kill Streak 2 | . 2 Combat Bots Only 2 | . 2 Max Kills in Single Turn 1 | . 1 Gunslinging . | . . Exploded . | . . Melee . | . . Uniques/NPCs Destroyed . | . . Combat | -11 -10 -------- Run | Yrd Mat Hostile Shots Fired 52 | . 52 Missed 12 | . 12 Hits 40 | . 40 Projectile 40 | . 40 Damage Taken 630 | . 630 Core 250 | . 250 Absorbed by Shields . | . . Core Remaining (%) 100 | 100 . Volleys Fired 26 | . 26 Largest 2 | . 2 Hottest 50 | . 50 Shots Fired 48 | . 48 Gun 47 | . 47 Cannon . | . . Launcher 1 | . 1 Special . | . . Kinetic 47 | . 47 Thermal . | . . Explosive 1 | . 1 Electromagnetic . | . . Robot Hit Streak 5 | . 5 Robot Miss Streak 5 | . 5 Penetration Max . | . . Secondary Targets . | . . Shots Hit Robots 22 | . 22 Core Hits 6 | . 6 Critical Kills . | . . Critical Parts Destroyed . | . . Critical Strikes . | . . Melee Attacks . | . . Impact . | . . Slashing . | . . Piercing . | . . Sneak Attacks . | . . Combat Hostiles . | . . Follow-up Attacks . | . . Damage Inflicted 256 | . 256 Guns 216 | . 216 Cannons . | . . Explosions 40 | . 40 Melee . | . . Ramming . | . . Kinetic 216 | . 216 Thermal 40 | . 40 Explosive . | . . Electromagnetic . | . . Impact . | . . Slashing . | . . Piercing . | . . Highest Corruption 1 | . 1 Average Corruption 1 | . 1 Corruption Purged . | . . Corruption Blocked . | . . Effects 2 | . 2 Message Errors 2 | . 2 Overload Shots . | . . Overflow Damage 8 | . 8 Projectiles . | . . Explosions 8 | . 8 Melee . | . . Knockbacks . | . . Impact . | . . Kinetic . | . . Secondary . | . . Self-Inflicted Damage 159 | . 159 Shots 2 | . 2 Rammed . | . . Targets Rammed . | . . Kicked . | . . Crushed . | . . Highest Temperature 12 | . 12 Average Temperature 7 | . 7 Received Heat Transfer 249 | . 249 Siege Activations . | . . Martial Activations . | . . Shielding Activations . | . . Robots Disrupted . | . . Combat Hostiles . | . . Robots Corrupted . | . . Combat Hostiles . | . . Parts Fried . | . . Impact Corruptions . | . . Robots Melted . | . . Combat Hostiles . | . . Parts Melted . | . . Heat Transferred 50 | . 50 Parts Sabotaged . | . . Parts Stolen . | . . Parts Stripped . | . . Power Chain Reactions . | . . Alert | -11 -10 ------- Run | Yrd Mat Maximum Alert Level . | . . Low Security (%) 100 | 100 100 Level 1 . | . . Level 2 . | . . Level 3 . | . . Level 4 . | . . Level 5 . | . . High Security . | . . Max Security . | . . Peak Influence 107 | . 107 Initial . | . . Average 21 | . 23 Influence Increases 264 | . 264 Destroy 0b10 Robot/C 60 | . 60 Destroy 0b10 Robot/NC 5 | . 5 Destroy Leader 12 | . 12 Disable Machine 45 | . 45 Destroy Structure 37 | . 37 Partial Spotted 15 | . 15 Lose Combat Pursuer 90 | . 90 Influence Decreases 198 | . 198 Time Decay 148 | . 148 Lost Part 50 | . 50 Squads Dispatched 1 | . 1 Investigation . | . . Extermination . | . . Reinforcement 1 | . 1 Assault . | . . Garrison . | . . Intercept . | . . Searches Triggered . | . . Construction Impeded . | . . Haulers Reinforced . | . . Active Scanning Responses . | . . Cargo Convoy Interrupts . | . . Stealth | -11 -10 --------- Run | Yrd Mat Distress Signals . | . . Communications Jammed . | . . Distress Signals . | . . Times Spotted 14 | . 14 Peak Tracking Total 3 | . 3 Tactical Retreats 3 | . 3 Traps | -11 -10 ------- Run | Yrd Mat Traps Triggered 1 | . 1 Indirectly . | . . Trap Hack Attempts . | . . Triggered . | . . Disarmed . | . . Reprogrammed . | . . Reused . | . . Traps Extracted . | . . Installed . | . . Triggered . | . . Machines | -11 -10 ---------- Run | Yrd Mat Machines Disabled 3 | . 3 Max in Single Turn 3 | . 3 Machines Repaired . | . . Machines Dismantled . | . . Machines Sabotaged . | . . Overloaded Fab Kills . | . . Hacking | -11 -10 --------- Run | Yrd Mat Machines Accessed . | . . Terminals . | . . Fabricators . | . . Repair Stations . | . . Recycling Units . | . . Scanalyzers . | . . Garrison Access . | . . Total Hacks . | . . Successful . | . . Failed . | . . Catastrophic . | . . Database Lockouts . | . . Manual . | . . Terminals . | . . Fabricators . | . . Repair Stations . | . . Recycling Units . | . . Scanalyzers . | . . Garrison Access . | . . Terminal Hacks . | . . Fabricator Hacks . | . . Repair Station Hacks . | . . Recycling Unit Hacks . | . . Scanalyzer . | . . Garrison Access Hacks . | . . Unauthorized Hacks . | . . Terminals . | . . Fabricators . | . . Repair Stations . | . . Recycling Units . | . . Scanalyzers . | . . Garrison Access . | . . Data Cores Recovered . | . . Used . | . . Hacking Detections . | . . Full Trace Events . | . . Feedback Events . | . . Feedback Blocked . | . . Robot Schematics Acquired . | . . Robots Built . | . . Authchips . | . . Time . | . . Total Robot Build Rating . | . . Part Schematics Acquired . | . . Parts Built . | . . Authchips . | . . Time . | . . Total Part Build Rating . | . . Part Studies Acquired . | . . Parts Repaired . | . . Time . | . . Parts Recycled . | . . Recycled Matter . | . . Retrieved Matter . | . . Retrieved Components . | . . Parts Scanalyzed . | . . Part Schematics Acquired . | . . Parts Damaged . | . . Bothacking | -11 -10 ------------ Run | Yrd Mat Used RIF Installer . | . . Robots Hacked . | . . Non-combat . | . . Combat . | . . Robot Hacks Applied . | . . Relay Couplers Released . | . . Fabnet Peak Effective % . | . . Robots Rewired . | . . Allies Hacked . | . . Hacks Repelled . | . . Allies | -11 -10 -------- Run | Yrd Mat Total Allies . | . . Largest Group . | . . Highest-Rated Group . | . . Highest-Rated Ally . | . . Total Orders . | . . Ally Attacks . | . . Total Damage . | . . Kills . | . . Allies Corrupted . | . . Allies Melted . | . . Intel | -11 -10 ------- Run | Yrd Mat Active Infowar (turns) . | . . Robot Analysis Total . | . . Derelict Logs Recovered . | . . Drone Launches . | . . Drone Recoveries . | . . Exploration | -11 -10 ------------- Run | Yrd Mat Turns Passed 452 | 32 420 Spaces Moved 459 | 31 428 Core 12 | 8 4 Treads . | . . Legs . | . . Wheels 447 | 23 424 Hover . | . . Flight . | . . Fastest Speed 50 | 50 50 Average Speed 79 | 72 79 Slowest Speed 80 | 80 80 Overloaded Moves . | . . Propulsion Burnouts . | . . Robots Hopped . | . . Potential Cave-ins . | . . Cave-ins Triggered . | . . Exploration Rate (%) 35 | 3 68 Regions Visited 1 Branch Regions . Pre-discovered Areas . | . . Known Exits Taken . | . . Unknown Exits Taken 1 | 1 . Scrap Searched . | . . Spaces Dug . | . . Terrain Destroyed 62 | . 62 Melee . | . . Projectile . | . . AOE 62 | . 62 Terrain Rammed . | . . Walls Destroyed . | . . Machines Disabled . | . . Actions | -11 -10 --------- Run | Yrd Mat Total 503 | 40 463 Wait . | . . Move 458 | 30 428 Hop . | . . Pick Up 9 | 5 4 Fast Attach . | . . Attach 9 | 5 4 Detach . | . . Swap 1 | . 1 Drop . | . . Fire 26 | . 26 Melee . | . . Ram . | . . Kick . | . . Crush . | . . Escape Stasis . | . . Rewire . | . . Trap . | . . Miscellaneous . | . . Route ------- -11/Scrapyard -10/Materials (discovered 4 exits: *Mat x2 / *Min x2) History --------- Turn | Location | Event 20 | -11/Scrapyard | Discovered new exit (range 16) 33 | -11/Scrapyard | Entered Materials 34 | -10/Materials | Met a group of wandering Federalists 93 | -10/Materials | Discovered new exit (range 12) 109 | -10/Materials | Identified exit to Mines 165 | -10/Materials | Discovered new exit (range 16) 175 | -10/Materials | Discovered exit to Mines (range 12) 176 | -10/Materials | Identified exit to Materials 279 | -10/Materials | Discovered exit to Materials (range 16) 309 | -10/Materials | Build established: Mutant 421 | -10/Materials | Core integrity fell below 50% 431 | -10/Materials | Core integrity fell below 20% 453 | -10/Materials | Destroyed by G-47 Trooper with Particle Gun Last Messages --------------- 00376_ M-13 Machinist repairs G-34 Mercenary. 00420_ Fusion Modulator explodes. 00420_ Atomic Centrifuge disabled. 00420_ Grenade Launcher destroyed. 00420_ Destroyed Grenade Launcher. 00422_ K-01 Serf collects debris. 00426_ Assault Rifle destroyed. 00428_ Wheel destroyed. 00429_ K-01 Serf collects debris. 00438_ Ion Engine destroyed. 00438_ U-05 Engineer lays Concrete. 00439_ K-01 Serf collects debris. 00441_ U-05 Engineer builds a Wall. 00441_ K-01 Serf collects debris. 00445_ U-05 Engineer builds a Wall. 00446_ K-01 Serf collects debris. 00449_ U-05 Engineer builds a Wall. 00449_ Wheel destroyed. 00449_ Acquired Ion Engine. 00449_ K-01 Serf collects debris. Map ----- +----------------------------------------------------+ | | | | | | | | | | | | | | | | | | | | | | | | | | | | | | | | | ?????????????????????????????????????????????????? | | ???????????####??????????????????????????????????? | | ???????????#T"#??????????????????????????????????? | | ############ "###############################????? | | # #????? | | # """ #????? | | g # """ #????? | | ###+####### ###+######g####### # """ #????? | | #????# # # #??# # #????? | | """ #????# # # @ #??# # """ #????? | | """" #????# # """ # """ #??# + """ #????? | | """" #????# # """ # """ #??# # """ #????? | | """" #????# # """ # #??# # #????? | | """ #????# # #g !#### ##########???## | | ###### ###""### g ;;; # ##########? | | + # k ; # % #? " | | ###### / ; #= > < # " | | ######????# # # ! # " | | ??????????# # #[ ###### + " | | ??????????# # #######????# # " | | ??????????+ ##""""" #??????????# #?? " | | ??????????# ###"""" #??????????# #???? | | ??????????# # " # ###??????????# #???? | | ??????????# # "# #####????????????# ##### | | ??????????# # T###????????????????# # | | ??????????# # "????????#########??# + " | | ??????????+ # ???????#/ ### # " | | ??????????# # #####??# + # " | | ????###+### # # ???# | ### # " | | ????# # """?# "???# = #?# # " | | ????# = + """?# ???# #?# # " | | ????# [ # ?????# ???# """ """ #?# # " | | ????# !%## ?????# ???? """ """ ??# # | | ????# """%=########## ??????"" ""????# ##### | +----------------------------------------------------+ Best States ------------- Heat Dissipation 35 Energy Generation 10 Energy Capacity 250 Matter Stores 300 Matter Capacity 300 Sight Range 16 Terrain Scan Density 10 Evasion (%) 50 Item Schematics ----------------- None Robot Schematics ------------------ None Fabricated ------------ Nothing Repaired ---------- Nothing Studied --------- None Alien Tech Used ----------------- None Achievements -------------- None Challenges ------------ None Game ------ Seed WaveAnalysisWell Manual? 0 Play Time 00:07:33 Cumulative 2.9 hours Start 2026.09.11 @ 18:20:23 End 2026.09.11 @ 19:04:01 Sessions 1 Manual Loads 0 Difficulty Rogue Special Mode None Game No. 7 Rogue 7 Adventurer 0 Explorer 0 Win Type - Total 0 Types 0/0/0/0/0/0/0/0/0/0 Lore% 2 Gallery% 7 Achievement% 6 Wizard Run 0 Options --------- Layout 1 ASCII 0 Keyboard 0 Movement Mouse Keybinds 0 Fullscreen 2 Font 32/SmallcapsGlow Map View 50x35 Zoom Use 0% Tactical HUD 1 Map Filters NONE Filters NONE Steam 1 RUN: fc235c26-d86e-4ac4-8d6b-f61a33207869